AoeStats
← Barba-vidalk63

Arena

509625461Analyzed
2v2 RM · 4d ago on Sep 27, 2026· 54m 26s· 4 players
Game mode
Random Map
Map size
Medium (4 player)
Population
200
Speed
Normal
Resources
Standard
Victory
Conquest
Starting age
Dark Age
Ending age
Imperial Age
RankedLock teamsTeams togetherTeam positionsShared explorationLock speedFull tech treeHidden civsTurbo modeCheats
Victory
Defeat
🇦🇷 Spanish · Argentina
871
+13
🇪🇸 Lithuanians · Spain
871
+13
🇧🇷 Britons · Brazil
810
-13
🇧🇷 Teutons · Brazil
810
-13
michasrock
10:13 Feudal Age
14:08 Loom
16:42 Castle Age
16:58 Double-Bit Axe
17:58 Fletching
30:55 Imperial Age
30:22 Bow Saw
31:46 Bodkin Arrow
34:58 Conscription
42:46 Ballistics
45:53 Chemistry
46:31 Pikeman
46:59 Gambesons
47:15 Squires
47:01 Arson
47:38 Elite Skirmisher
47:45 Cranequins
49:01 Halberdier
51:18 Forging
51:10 Bracer
Barba-vidalk63
0:30 Loom
13:33 Feudal Age
17:53 Castle Age
17:03 Double-Bit Axe
25:01 Bloodlines
30:13 Scale Mail Armor
30:24 Forging
30:58 Wheelbarrow
30:25 Elite Skirmisher
32:22 Bow Saw
32:54 Gold Mining
39:48 Squires
39:35 Arson
40:10 Chain Mail Armor
41:51 Iron Casting
42:59 Gambesons
46:10 Padded Archer Armor
46:01 Fletching
50:00 Imperial Age
47:57 Bodkin Arrow
48:18 Leather Archer Armor
50:55 Fortified Wall
51:46 Chemistry
Gian_p20
10:09 Feudal Age
14:25 Castle Age
17:16 Loom
19:12 Horse Collar
20:31 Double-Bit Axe
21:45 Padded Archer Armor
22:35 Wheelbarrow
23:44 Bow Saw
23:26 Gold Mining
24:05 Leather Archer Armor
25:15 Hand Cart
28:52 Ballistics
34:09 Imperial Age
32:58 Masonry
32:37 Treadmill Crane
34:19 Pikeman
34:59 Squires
36:18 Two-Man Saw
39:23 Fletching
39:45 Forging
39:35 Scale Mail Armor
39:41 Scale Mail Armor
40:24 Heavy Plow
46:58 Conscription
48:17 Chain Mail Armor
48:37 Iron Casting
53:56 Crop Rotation
Your Dad
9:25 Loom
12:13 Feudal Age
16:09 Castle Age
15:44 Double-Bit Axe
17:11 Horse Collar
20:33 Wheelbarrow
19:44 Town Watch
23:17 Hand Cart
24:15 Ballistics
24:02 Town Patrol
24:25 Elite Skirmisher
27:57 Fortified Wall
28:29 Pikeman
29:18 Husbandry
33:41 Imperial Age
32:40 Bloodlines
33:35 Fletching
35:25 Chemistry
34:11 Light Cavalry
35:09 Hussar
35:11 Cavalier
36:27 Bodkin Arrow
40:14 Paladin
41:49 Bracer
42:00 Forging
41:56 Scale Barding Armor
42:39 Bow Saw
42:32 Heavy Plow
42:31 Murder Holes
45:42 Conscription
46:11 Iron Casting
45:57 Chain Barding Armor
45:37 Padded Archer Armor
46:13 Arson
46:28 Squires
46:14 Gambesons
Connection lost

Rejoining the realm…

Still unreachable

The connection could not be restored.

Session expired

The server has moved on; the page needs a fresh start.